 Dungeon Crawl Stone Soup version 0.21.1-1-g345015f (webtiles) character file.

56 Lilu the Conjurer (level 3, -2/19 HPs)
             Began as a Deep Elf Conjurer on July 30, 2018.
             Slain by a goblin
             ... wielding a +0 dagger
             ... led by Robin
              (3 damage)
             ... on level 2 of the Dungeon.
             The game lasted 00:04:54 (1378 turns).

Lilu the Conjurer (Deep Elf Conjurer)               Turns: 1378, Time: 00:04:54

Health: -2/19      AC:  2    Str:  6    XL:     3   Next: 71%
Magic:  5/9        EV: 13    Int: 19    God:
Gold:   105        SH:  0    Dex: 15    Spells: 5/8 levels left

rFire    . . .     SeeInvis .   j - +0 short sword (holy)
rCold    . . .     Gourm    .   (no shield)
rNeg     . . .     Faith    .   a - +0 robe
rPois    .         Spirit   .   (no helmet)
rElec    .         Reflect  .   (no cloak)
rCorr    .         Harm     .   (no gloves)
MR       .....                  (no boots)
Stlth    ++........             (no amulet)
HPRegen  0.06/turn              (no ring)
MPRegen  0.11/turn              (no ring)

@: no status effects
A: no striking features
a: no special abilities


You were on level 2 of the Dungeon.
You were not hungry.

You visited 1 branch of the dungeon, and saw 2 of its levels.

You collected 105 gold pieces.

Inventory:

Hand Weapons
 j - a +0 short sword of holy wrath (weapon)
Missiles
 k - 17 arrows
Armour
 a - a +0 robe (worn)
Scrolls
 e - a scroll of teleportation {unknown}
 i - a scroll of identify {unknown}
 n - a scroll of enchant armour {unknown}
Potions
 d - 3 potions of haste {unknown}
 g - a potion of resistance {unknown}
 h - a potion of might {unknown}
 l - a potion of flight {unknown}
 m - a potion of curing {unknown}
Books
 b - a book of Conjurations

   Spells                             Type                      Level
   a - Magic Dart                     Conjuration                  1
   b - Searing Ray                    Conjuration                  2
   c - Dazzling Spray                 Conjuration/Hexes            3
   d - Fulminant Prism                Conjuration/Hexes            4
   e - Force Lance                    Conjuration/Translocation    4
   f - Iskenderun's Mystic Blast      Conjuration                  4
Comestibles
 c - 4 rations
 f - a chunk of flesh


   Skills:
 - Level 2.4 Dodging
 - Level 2.4 Stealth
 - Level 3.0 Spellcasting
 + Level 6.0 Conjurations


You had 5 spell levels left.
You knew the following spells:

 Your Spells              Type           Power        Failure   Level  Hunger
a - Magic Dart            Conj           ####         1%          1    None
b - Searing Ray           Conj           ####..       1%          2    ##.....


Dungeon Overview and Level Annotations

Branches:
Dungeon (2/15)

Altars:

Annotations:
D:2 Robin


Message History

You closely miss the goblin.
The goblin is heavily wounded.
The goblin hits you with a dagger. x2
* * * LOW HITPOINT WARNING * * *
You barely miss the goblin.
The goblin is heavily wounded.
The goblin hits you with a dagger.
* * * LOW HITPOINT WARNING * * *
The goblin hits you with a dagger.
* * * LOW HITPOINT WARNING * * *
Some of the chunks of flesh in your inventory have rotted away.
Casting: Searing Ray
Confirm with . or Enter, or press ? or * to list all spells.
Aiming: Magic Dart
Press: ? - help, Shift-Dir - straight line, f - goblin
Aim: a goblin, wielding a dagger (heavily wounded)
The magic dart hits the goblin.
You kill the goblin!
The goblin hits you with a dagger.
You die...

..P♣♣...........#
#.P.♣♣.########.###
#...♣.P...........#
#.......###.......#
##......# #.......#
#...P..# #..>....#
##....## #.......#
######
#.......#######
#.....@).......
#####g#'#####..
#..........
#..........
#..........
#.#.#########
#.#.#...)...#
#.#.#.#####.##### ♣
#.#.#.#...#.....♣♣♣


You could see a goblin.

Vanquished Creatures
  An ooze (D:1)
  4 dart slugs (D:1)
  2 leopard geckos (D:1)
  10 goblins
  6 hobgoblins
  2 jackals (D:2)
  4 bats (D:1)
  3 frilled lizards
  3 kobolds (D:1)
  4 rats
39 creatures vanquished.

Vanquished Creatures (others)
  A plant (D:2)
1 creature vanquished.

Grand Total: 40 creatures vanquished

Notes
Turn   | Place    | Note
-------+----------+-------------------------------------------
     0 | D:1      | Lilu the Deep Elf Conjurer began the quest for the Orb.
     0 | D:1      | Reached XP level 1. HP: 10/10 MP: 6/6
    49 | D:1      | Reached XP level 2. HP: 9/15 MP: 0/8
   116 | D:1      | Reached skill level 5 in Conjurations
   457 | D:1      | Reached XP level 3. HP: 19/19 MP: 6/9
   461 | D:1      | Learned a level 2 spell: Searing Ray
  1336 | D:2      | Noticed Robin
  1349 | D:2      | Reached skill level 6 in Conjurations
  1378 | D:2      | Slain by a goblin

Skill      XL: |  1  2  3 |
---------------+----------+-----
Conjurations   | 5 6 |  6.0
Dodging        | |  2.4
Stealth        | |  2.4
Spellcasting   | |  3.0

Action                   || total
-------------------------++-------
Melee: Dagger            ||     8
       Short sword       ||    25
 Cast: Magic Dart        ||    44
       Searing Ray       ||     2
 Stab: Sleeping          ||     2
  Eat: Chunk             ||     1
Armor: Robe              ||     2
Dodge: Dodged            ||    27
